 Dungeon Crawl Stone Soup version 0.25-a0-661-g55ea3d2053 (webtiles) character file.

Game seed: 7254616377077081602, levelgen mode: deterministic

85 Amnesiac the Chopper (level 4, 0/35 HPs)
             Began as a Hill Orc Monk on Mar 23, 2020.
             Succumbed to a worker ant's poison
             ... on level 4 of the Dungeon.
             The game lasted 00:01:58 (679 turns).

Amnesiac the Chopper (Hill Orc Monk)                 Turns: 679, Time: 00:01:59

Health: 0/35       AC:  2    Str: 14    XL:     4   Next: 48%
Magic:  4/4        EV: 13    Int: 10    God:
Gold:   46         SH:  0    Dex: 13    Spells: 3/3 levels left

rFire    . . .     SeeInvis .   e - +0 dagger (elec)
rCold    . . .     Gourm    .   (no shield)
rNeg     . . .     Faith    .   b - +0 robe
rPois    .         Spirit   .   (no helmet)
rElec    .         Reflect  .   (no cloak)
rCorr    .         Harm     .   (no gloves)
MR       .....                  (no boots)
Stlth    ++........             (no amulet)
HPRegen  0.11/turn              (no ring)
MPRegen  0.09/turn              (no ring)

@: lethally poisoned (0 -> -9)
A: frail 1, high mp 1, wild magic 1, evolution 1
a: no special abilities


You were on level 4 of the Dungeon.
You were not hungry.

You visited 1 branch of the dungeon, and saw 4 of its levels.

You collected 46 gold pieces.

Inventory:

Hand Weapons
 a - a +0 hand axe
 e - a +0 dagger of electrocution (weapon)
Missiles
 f - 19 poisoned darts (quivered)
Armour
 b - a +0 robe (worn)
Scrolls
 h - 2 scrolls of identify {!r, unknown}
Comestibles
 c - a ration
 d - 2 chunks of flesh


   Skills:
 - Level 3.6 Fighting
 * Level 6.0 Axes
 + Level 2.2 Armour
 - Level 2.4 Dodging
 - Level 1.5 Stealth


You had 3 spell levels left.
You didn't know any spells.
Your spell library was empty.

Dungeon Overview and Level Annotations

Branches:
Dungeon (4/15)
 Temple: D:4-7

Altars:
Kikubaaqudgha
Nemelex Xobeh
Ru

Annotations:
D:3 Natasha


Innate Abilities, Weirdness & Mutations

You are frail. (-10% HP)
You have an increased reservoir of magic. (+10% MP)
Your spells are a little harder to cast, but a little more powerful.
You evolve.


Message History

You closely miss the worker ant.
The worker ant is lightly wounded.
You feel sick. The worker ant misses you. The worker ant bites you.
* * * LOW HITPOINT WARNING * * *
You are more poisoned.
The worker ant poisons you!
You hit the worker ant.
The worker ant is moderately wounded.
You feel sick. The worker ant barely misses you.
You hit the worker ant but do no damage.
Lightning courses through the worker ant!
The worker ant is severely wounded.
You feel sick. The worker ant bites you.
* * * LOW HITPOINT WARNING * * *
You are more poisoned.
The worker ant poisons you!
You hit the worker ant.
Lightning courses through the worker ant!
You kill the worker ant!
Your Axes skill increases to level 6!
* * * LOW HITPOINT WARNING * * *
You feel sick.
Really quaff
g - 2 purple potions {!q}?
It was a potion of mutation {!q}.
You feel extremely strange.
You feel more energetic.
You feel less in control of your magic.
* * * LOW HITPOINT WARNING * * *
You feel sick.
* * * LOW HITPOINT WARNING * * *
You feel sick.
* * * LOW HITPOINT WARNING * * *
You feel sick. As you open the door, it creaks loudly!
* * * LOW HITPOINT WARNING * * *
You feel sick.
You hear an angry hiss.
An adder and a giant cockroach come into view.
* * * LOW HITPOINT WARNING * * *
You feel sick.
The adder hisses angrily.
There is an open door here.
* * * LOW HITPOINT WARNING * * *
You feel sick.
As you close the door, it creaks loudly!
* * * LOW HITPOINT WARNING * * *
You feel sick.
Really quaff
g - a potion of mutation {!q}?
Really quaff the potion of mutation?
You feel extremely strange.
You regain control of your magic.
You feel less in control of your magic.
You feel frail.
You feel nature experimenting on you.
Don't worry, failures die fast.
* * * LOW HITPOINT WARNING * * *
You feel sick. What are your orders? t - Shout!
Orders for allies: a - Attack new target. r - Retreat! s - Stop attacking. g - Guard the area. f - Follow me.
Anything else - Cancel.
Okay, then.
Unknown command.
* * * LOW HITPOINT WARNING * * *
You feel sick.
You die...

...##....#......S.......
...##.............%.....
...##...................
...##÷..(...............
....#.................s.
....#........###+#
.<÷...(......>...#+#####
....#........##........#
....#........##.@......#
...##........##.........
...##........##.........
...##........#####+####.
...##........#
...##.######## #. #. #.


There were no monsters in sight!

Vanquished Creatures
  An iguana (D:4)
  A worker ant (D:4)
  An adder (D:2)
  An ooze (D:2)
  3 worms (D:2)
  3 goblins
  2 kobolds
  A ball python (D:2)
  2 bats
  A quokka skeleton (D:4)
  3 rats
19 creatures vanquished.

Notes
Turn   | Place    | Note
-------+----------+-------------------------------------------
     0 | D:1      | Amnesiac the Hill Orc Monk began the quest for the Orb.
     0 | D:1      | Reached XP level 1. HP: 19/19 MP: 1/1
   132 | D:2      | Reached skill level 1 in Armour
   132 | D:2      | Reached XP level 2. HP: 24/26 MP: 2/2
   133 | D:2      | Found an ancient bone altar of Kikubaaqudgha.
   235 | D:2      | Reached skill level 5 in Axes
   235 | D:2      | Reached XP level 3. HP: 28/31 MP: 3/3
   428 | D:3      | Noticed Natasha
   463 | D:3      | Found a sparkling altar of Nemelex Xobeh.
   465 | D:3      | Found a sacrificial altar of Ru.
   518 | D:4      | Reached XP level 4. HP: 15/39 MP: 4/4
   669 | D:4      | Reached skill level 6 in Axes
   670 | D:4      | Gained mutation: You have an increased reservoir of magic.
                  | (+10% MP) [potion of mutation]
   670 | D:4      | Gained mutation: Your spells are a little harder to cast,
                  | but a little more powerful. [potion of mutation]
   677 | D:4      | Lost mutation: Your spells are a little harder to cast, but
                  | a little more powerful. [potion of mutation]
   677 | D:4      | Gained mutation: Your spells are a little harder to cast,
                  | but a little more powerful. [potion of mutation]
   677 | D:4      | Gained mutation: You are frail. (-10% HP) [potion of
                  | mutation]
   677 | D:4      | Gained mutation: You evolve. [potion of mutation]
   678 | D:4      | HP: 1/35 [poisoned by a worker ant]
   679 | D:4      | Succumbed to a worker ant's poison

Levels and vault maps discovered:
D:1:      matt_arrival_diagonals, layout_basic, minmay_shallow_snake_nest
D:2:      layout_rooms, marbit_many_paths, first_ration
D:3:      layout_loops_ring, nicolae_overflow_hidden_temple, uniq_natasha
D:4:      layout_basic, corner_web_ring

Skill      XL: |  1  2  3  4 |
---------------+-------------+-----
Armour         | 1 2 |  2.2
Axes           | 5 6 |  6.0
Fighting       | |  3.6
Dodging        | |  2.4
Stealth        | |  1.5

Action                   |  1- 3 |  4- 6 || total
-------------------------+-------+-------++-------
Melee: Dagger            |    49 |     6 ||    55
       Hand axe          |     5 |       ||     5
  Use: Scroll            |     1 |       ||     1
       Potion            |       |     2 ||     2
 Stab: Sleeping          |     6 |       ||     6
Armor: Robe              |    10 |       ||    10
Dodge: Dodged            |    52 |     2 ||    54

Table legend:
 A = Non-vault XP
 B = Vault XP
 C = Vault XP percentage of total XP
 D = Non-vault monster count
 E = Vault monster count
 F = Vault count percentage of total count
                 A         B        C        D         E       F
            +---------+---------+-------+---------+---------+-------
      Total |     117 |       5 |   4.1 |      18 |       1 |   5.3
            +---------+---------+-------+---------+---------+-------
        D:2 |      39 |       5 |  11.4 |       9 |       1 |  10.0
        D:3 |       5 |       0 |   0.0 |       5 |       0 |   0.0
        D:4 |      73 |       0 |   0.0 |       4 |       0 |   0.0
            +---------+---------+-------+---------+---------+-------
